 Dungeon Sprint DCSS version 0.30-a0-920-g7493c07aab (webtiles) character file.

Game seed: 299374916009301949

1299 dialectric the Basher (level 8, -1/60 HPs)
             Began as a Gargoyle Fighter on Mar 21, 2023.
             Slain by a wyvern (11 damage)
             ... in the Dungeon (Sprint II: "The Violet Keep of Menkaure").
             The game lasted 00:00:58 (158 turns).

dialectric the Basher (Gargoyle Fighter)             Turns: 158, Time: 00:00:59

Health: -1/60      AC: 11    Str: 21    XL:     8   Next: 56%
Magic:  7/7        EV: 11    Int:  8    God:
Gold:   486        SH:  0    Dex: 11    Spells: 7/7 levels left

rFire   x . .      SeeInvis .    a - +0 flail
rCold   . . .      Faith    .    (no shield)
rNeg    + . .      Spirit   .    b - +0 scale mail
rPois   ∞          Reflect  .    (no helmet)
rElec   +          Rampage  .    (no cloak)
rCorr   .          NoTele   +    (no gloves)
Will    .....                    (no boots) Stlth
                                 (no amulet)
HPRegen 0.30/turn                (no ring)
MPRegen 0.10/turn                (no ring)

@: no status effects
A: sickness immunity, AC +5, negative energy resistance 1, electricity
resistance, torment resistance 1, petrification resistance, deformed body,
deterioration 1, low MP 1, no potion heal 1, heat vulnerability 1
a: no special abilities


You were in the Dungeon.
You visited 1 branch You collected 486 gold pieces.

Inventory:

Hand Weapons
 a - a +0 flail (weapon)
Armour
 b - a +0 scale mail (worn)
 c - a +0 buckler
Scrolls
 j - a scroll of blinking
Potions
 g - a potion of haste
 h - 2 potions of magic


   Skills:
 + Level 11.2 Fighting
 * Level 11.7 Maces & Flails
 + Level 10.8 Armour
 + Level 4.1 Dodging
 - Level 3.2 Shields


You had 7 spell levels left.
You didn't know any spells.
Your spell library was empty.

Dungeon Overview and Level Annotations

Branches:
Dungeon (1/1)

Altars:


Innate Abilities, Weirdness & Mutations

You are immune to sickness and miasma.
Your stone body is resilient. (AC +5)
You are immune to poison.
You resist negative energy. (rN+)
You are resistant to electric shocks. (rElec)
You are resistant to unholy torment.
You are immune to petrification.
Armour fits poorly on your strangely shaped body.
Your body sometimes deteriorates upon taking damage.
Your magical capacity is low. (-10% MP)
Potions are less effective at restoring your health.
You are vulnerable to heat. (rF-)


Message History

The wyvern hisses angrily.
You sock the wyvern!
The wyvern is moderately wounded.
The wyvern bites you.
* * * LOW HITPOINT WARNING * * *
You hit the wyvern.
The wyvern is heavily wounded.
The wyvern bites you but does no damage.
You barely miss the wyvern.
The wyvern is heavily wounded.
The wyvern barely misses you.
You barely miss the wyvern.
The wyvern is heavily wounded.
The wyvern bites you.
* * * LOW HITPOINT WARNING * * *
The wyvern bites you but does no damage.
You hit the wyvern but do no damage.
The wyvern is heavily wounded.
The wyvern barely misses you.
You sock the wyvern!
You kill the wyvern!
The wyvern completely misses you.
You hit the wyvern.
The wyvern is lightly wounded.
The wyvern bites you.
* * * LOW HITPOINT WARNING * * *
You hit the wyvern but do no damage.
The wyvern is lightly wounded.
The wyvern bites you.
* * * LOW HITPOINT WARNING * * *
You closely miss the wyvern.
The wyvern is lightly wounded.
The wyvern bites you but does no damage.
You hit the wyvern.
The wyvern is moderately wounded.
The wyvern barely misses you.
You sock the wyvern!
The wyvern is severely wounded.
The wyvern misses you. The wyvern bites you!
You die...

.. ## ##.. ##.
.##.#### #..#..#
...#
####.).####..##
##.###'###.##..#
#...##.##.#.#..#
+.##†.<.'##.'..#
#...##@###..#....#
##.###l#
#.##......~~ ###
.#. ## ~~.....~#+
.# #. ~~~~~~..~#.
## ##~§~~~§~§.~#.
~~~§≈≈§~§~~#.
~~~~~≈§≈§§§~#.


You could see a wyvern.

Vanquished Creatures
  A merfolk siren (D)
  A wyvern (D)
  4 neqoxecs (D)
  A water moccasin (D)
  4 necrophages (D)
11 creatures vanquished.

Notes
Turn   | Place    | Note
-------+----------+-------------------------------------------
     0 | D        | dialectric the Gargoyle Fighter began the quest for the
                  | Orb.
     0 | D        | Reached XP level 1. HP: 14/14 MP: 1/1
     8 | D        | Noticed a necrophage
     8 | D        | Noticed a necrophage
     8 | D        | Noticed a necrophage
     8 | D        | Noticed a necrophage
    14 | D        | Killed a necrophage
    15 | D        | Reached skill level 5 in Fighting
    15 | D        | Reached skill level 5 in Armour
    15 | D        | Reached XP level 2. HP: 15/22 MP: 2/2
    15 | D        | Reached XP level 3. HP: 18/27 MP: 3/3
    15 | D        | Reached XP level 4. HP: 21/32 MP: 4/4
    25 | D        | Killed a necrophage
    26 | D        | Reached XP level 5. HP: 18/37 MP: 5/5
    34 | D        | Reached skill level 5 in Maces & Flails
    34 | D        | Reached XP level 6. HP: 20/44 MP: 6/6
    36 | D        | Noticed a merfolk siren
    50 | D        | Killed a merfolk siren
    51 | D        | Reached XP level 7. HP: 29/52 MP: 7/7
    53 | D        | Noticed a neqoxec
    57 | D        | Gained mutation: Your body sometimes deteriorates upon
                  | taking damage. [a neqoxec]
    58 | D        | Noticed a neqoxec
    62 | D        | Killed a neqoxec
    63 | D        | Reached skill level 10 in Fighting
    63 | D        | Gained mutation: Armour fits poorly on your strangely
                  | shaped body. [a neqoxec]
    65 | D        | Gained mutation: Your magical capacity is low. (-10% MP) [a
                  | neqoxec]
    71 | D        | Gained mutation: You are vulnerable to heat. (rF-) [a
                  | neqoxec]
    75 | D        | Killed a neqoxec
    76 | D        | Reached skill level 10 in Maces & Flails
    76 | D        | Reached skill level 10 in Armour
    78 | D        | Noticed a neqoxec
    78 | D        | Noticed a neqoxec
    89 | D        | Gained mutation: Potions are less effective at restoring
                  | your health. [a neqoxec]
    96 | D        | Killed a neqoxec
    97 | D        | Reached XP level 8. HP: 35/59 MP: 7/7
   147 | D        | Noticed a wyvern
   147 | D        | Noticed a wyvern
   153 | D        | Killed a wyvern
   158 | D        | Slain by a wyvern

Illustrated notes

Levels and vault maps discovered:
D:        the_violet_keep_of_menkaure [sprint2_stairs_cluster_1,
          sprint2_shoproom, sprint2_temple, sprint2_basic_supplies,
          sprint2_obstacle_2, sprint2_obstacle_1, sprint2_obstacle_5,
          sprint2_obstacle_7, sprint2_obstacle_6, sprint2_timed_cluster_1,
          sprint2_smallroom_cluster_1, sprint2_smallroom_final_cluster_1,
          sprint2_transparent_cluster_1, sprint2_second_timed_cluster_1,
          sprint2_sniper_area_1, sprint2_heavy_combat_area_1,
          sprint2_mutation_trap_area_1, sprint2_forest_area_1,
          sprint2_light_combat_area_1, sprint2_behind_water_1,
          sprint2_near_end_vault_1]

Skill      XL: |  1  2  3  4  5  6  7  8 |
---------------+-------------------------+-----
Fighting       | 5 6 8 9 10 11 | 11.2
Maces & Flails | 3 5 8 10 11 | 11.7
Armour         | 5 6 8 9 10 | 10.8
Dodging        | 2 3 4 |  4.1
Shields        | |  3.2

Action                     |  1- 3 |  4- 6 |  7- 9 || total
---------------------------+-------+-------+-------++-------
  Melee: Flail             |     5 |    32 |    67 ||   104
         Punch             |       |     1 |       ||     1
    Use: Potion            |     1 |     1 |     2 ||     4
 Armour: Scale mail        |     1 |     9 |    22 ||    32
  Dodge: Dodged            |     1 |     9 |    25 ||    35

Table legend: (Time is in decaauts)
 A = Elapsed time spent in this place.
 B = Non-inter-level travel time spent in this place.
 C = Inter-level travel time spent in this place.
 D = Time resting spent in this place.
 E = Time spent auto-exploring this place.
 F = Levels seen in this place.
 G = Mean time per level.
                   A        B        C        D        E       F      G
               +--------+--------+--------+--------+--------+-----+--------+
         Total |    163 |    163 |      0 |      0 |      0 |   1 |  163.0 |
       Dungeon |    163 |    163 |      0 |      0 |      0 |   1 |  163.0 |
               +--------+--------+--------+--------+--------+-----+--------+

Top non-repeatable levels by time:
       D: 163 daAuts
